 Dungeon Crawl Stone Soup version 0.27.1-34-g3ba077fa99 (webtiles) character file.

Game seed: 7352682701797109706

14 cbfl8 the Sneak (level 2, 0/27 HPs)
             Began as a Minotaur Delver on Jan 23, 2022.
             Succumbed to a scorpion's poison
             ... in the Ecumenical Temple.
             The game lasted 00:00:40 (372 turns).

cbfl8 the Sneak (Minotaur Delver)                    Turns: 372, Time: 00:00:40

Health: 0/27       AC:  3    Str: 16    XL:     2   Next: 31%
Magic:  1/1        EV: 11    Int:  7    God:
Gold:   0          SH:  0    Dex: 11    Spells: 1/1 levels left

rFire    . . .     SeeInvis .   a - +0 hand axe
rCold    . . .     Faith    .   (no shield)
rNeg     . . .     Spirit   .   b - +0 leather armour
rPois    .         Reflect  .   (helmet restricted)
rElec    .         Harm     .   (no cloak)
rCorr    .         Rampage  .   (no gloves)
Will     .....                  (no boots)
Stlth    ++........             (no amulet)
HPRegen  0.09/turn              (no ring)
MPRegen  0.07/turn              (no ring)

@: lethally poisoned (0 -> -7)
A: horns 2, retaliatory headbutt
a: no special abilities


You were in the Ecumenical Temple.
You visited 2 branches of the dungeon, and saw 3 of its levels.

Inventory:

Hand Weapons
 a - a +0 hand axe (weapon)
Armour
 b - a +0 leather armour (worn)
Wands
 g - a wand of digging (3)
Scrolls
 d - a scroll of magic mapping
Potions
 f - a potion of haste
 h - a potion of curing {unknown}


   Skills:
 + Level 3.9 Fighting
 + Level 2.5 Axes
 + Level 0.1 Armour
 + Level 2.2 Dodging
 + Level 4.4 Stealth


You had one spell level left.
You didn't know any spells.
Your spell library was empty.

Dungeon Overview and Level Annotations

Branches:
Dungeon (5/15)             Temple (1/1) D:4

Altars:
Xom


Innate Abilities, Weirdness & Mutations

You have a pair of horns on your head.
You reflexively headbutt those who attack you in melee.


Message History

Things that are here:
a +0 short sword; a +0 ring mail
Found a silver wand.
You start resting.
A scorpion is nearby!
A scorpion is nearby!
Found a staircase to the Ecumenical Temple.
Found 13 gold pieces.
Why would you want to do that?
You start resting.
HP restored.
You start waiting.
Done waiting.
Why would you want to do that?
An orc comes into view. It is wielding a +0 whip.
Found an escape hatch in the floor.
The orc shouts!
You hear an angry hiss.
You hear a bark!
An orc wizard comes into view. It is wielding a +0 dagger.
The orc wizard moves out of view.
A hound comes into view.
The scorpion barely misses you.
You see here a +0 leather armour.
The hound barks!
There is a staircase to the Ecumenical Temple here.
You can't go up here!
The scorpion stings you!
You are poisoned.
The scorpion poisons you!
You climb downwards.
Welcome to the Ecumenical Temple!
You feel very sick.
Found a shimmering altar of Xom.
There is a staircase back to the Dungeon here.
As you read the scroll of fog, it crumbles to dust.
The scroll dissolves into smoke.
You feel sick. The scorpion stings you!
* * * LOW HITPOINT WARNING * * *
The scorpion stings you.
* * * LOW HITPOINT WARNING * * *
* * * LOW HITPOINT WARNING * * *
You feel sick.
You die...

#.. . ._ # .. ..
##. .. . ##.. #.
.##..#
#..##§§..#
#.##§§§§.#
#..§§§s§.#
#...§§@§§#.....
#...§§...# .≈.
≈≈≈≈≈≈≈≈≈≈≈≈ ≈
≈≈≈≈≈≈≈≈≈≈≈≈≈≈
≈≈≈≈≈≈≈≈≈≈≈≈≈≈≈≈
≈≈≈≈≈≈≈≈≈≈≈≈≈≈≈≈
≈≈≈≈≈≈≈≈≈≈≈≈≈≈≈≈
≈≈≈≈≈≈≈≈≈≈≈≈≈≈≈≈


You could see a scorpion.

Vanquished Creatures
  A hound skeleton (D:4)
  An orc (D:4)
2 creatures vanquished.

Notes
Turn   | Place    | Note
-------+----------+-------------------------------------------
     0 | D:5      | cbfl8 the Minotaur Delver began the quest for the Orb.
     0 | D:5      | Reached XP level 1. HP: 19/19 MP: 0/0
    17 | D:5      | Noticed an orc priest
    22 | D:4      | Noticed a scorpion
    31 | D:4      | Reached XP level 2. HP: 8/27 MP: 1/1
    65 | D:4      | Found a staircase to the Ecumenical Temple.
   369 | Temple   | Entered the Ecumenical Temple
   371 | Temple   | HP: 1/27 [poisoned by a scorpion]
   372 | Temple   | Succumbed to a scorpion's poison

Illustrated notes

Levels and vault maps discovered:
D:4:      layout_basic, temple_pool_b
D:5:      layout_cave_pools, enter_ossuary_3
Temple:   regret_index_temple_sigil_plot

Action                   || total
-------------------------++-------
Melee: Hand axe          ||     7
       Headbutt          ||     1
  Use: Scroll            ||     2
Armor: Leather armour    ||     3
Dodge: Dodged            ||     7
